 Dungeon Crawl Stone Soup version 0.25-a0-1130-g3926558f3a (webtiles) character file.

Game seed: 12027054213392087121, levelgen mode: classic

18888 Amnesiac the Fighter (level 12, -4/135 (136) HPs)
             Began as an Ogre Assassin on May 19, 2020.
             Was an Elder of Wu Jian.
             Slain by an orc warrior
             ... wielding a +0 glaive
              (21 damage)
             ... on level 2 of the Orcish Mines.
             The game lasted 00:35:15 (13062 turns).

Amnesiac the Fighter (Ogre Assassin)               Turns: 13062, Time: 00:35:16

HP:   -4/135 (136)  AC: 10    Str: 22    XL:     12   Next: 63%
MP:   15/15         EV: 16    Int: 12    God:    Wu Jian [****..]
Gold: 482           SH:  0    Dex: 16    Spells: 11/11 levels left

rFire    . . .     SeeInvis +   a - +4 giant spiked club
rCold    . . .     Gourm    .   (shield currently unavailable)
rNeg     . . .     Faith    .   T - +0 troll leather armour
rPois    +         Spirit   .   F - +2 hat
rElec    .         Reflect  .   A - +2 cloak {rPois}
rCorr    .         Harm     .   (gloves unavailable)
MR       ++...                  (boots unavailable)
Stlth    ++........             R - amulet of the acrobat
HPRegen  0.72/turn              G - ring of Qazlal's Regard {MR+ Dex+6 SInv}
MPRegen  0.14/turn              t - +4 ring of evasion

@: no status effects
A: large, unfitting armour, tough skin 1
a: Wall Jump, Serpent's Lash, Renounce Religion


You were on level 2 of the Orcish Mines.
You worshipped Wu Jian.
Wu Jian was greatly pleased with you.
You were not hungry.

You visited 3 branches of the dungeon, and saw 15 of its levels.
You also visited: Sewer and Ossuary.

You collected 1430 gold pieces.
You spent 948 gold pieces at shops.

Inventory:

Hand Weapons
 a - a +4 giant spiked club (weapon)
 U - the +6 quarterstaff of Vengeance {pain, rC+ Int+4 SInv}
   (You found it on level 11 of the Dungeon)

   In the hands of one skilled in necromantic magic, it inflicts extra damage on
   living creatures.
   It affects your intelligence (+4).
   It protects you from cold.
   It lets you see invisible.
Missiles
 b - 14 boomerangs
 d - 47 poisoned darts
 m - 6 throwing nets (quivered)
 s - 6 large rocks
 Q - 7 silver boomerangs
 S - 3 curare-tipped darts
Armour
 A - a +2 cloak of poison resistance (worn)
 F - a +2 hat (worn)
 T - a +0 troll leather armour (worn)
Jewellery
 e - a +6 ring of intelligence
 t - a +4 ring of evasion (right hand)
 G - the ring of Qazlal's Regard (left hand) {MR+ Dex+6 SInv}
   (You found it on level 4 of the Dungeon)

   [ring of dexterity]

   It affects your dexterity (+6).
   It affects your resistance to hostile enchantments.
   It lets you see invisible.
 R - an amulet of the acrobat (around neck)
Wands
 k - a wand of disintegration (36)
 q - a wand of polymorph (6)
 y - a wand of random effects (40)
Scrolls
 g - 5 scrolls of remove curse {!r}
 n - 2 scrolls of fog {!r}
 w - 6 scrolls of magic mapping {!r}
 x - 8 scrolls of teleportation {!r}
 E - 4 scrolls of summoning {!r}
 N - a scroll of silence {!r}
 P - a scroll of fear {!r}
Potions
 h - 3 potions of might {!q}
 j - a potion of invisibility {!q}
 l - a potion of berserk rage {!q}
 o - 6 potions of curing {!q}
 p - a potion of ambrosia {!q, unknown}
 r - a potion of mutation {!q, unknown}
 v - 2 potions of stabbing {!q}
 z - a potion of flight {!q}
 B - 4 potions of lignification {!q}
 C - 2 potions of brilliance {!q}
 D - 2 potions of heal wounds {!q}
 I - 3 potions of haste {!q}
 J - a potion of degeneration {!q, unknown}
 M - 3 potions of cancellation {!q, unknown}
Comestibles
 c - 4 chunks of flesh
 f - 24 rations


   Skills:
 + Level 13.0 Fighting
   Level 2.0 Short Blades
 * Level 13.0 Maces & Flails
 + Level 7.6 Throwing
 - Level 5.0 Dodging
 - Level 3.0 Stealth
 - Level 4.0 Evocations


You had 11 spell levels left.
You didn't know any spells.
Your spell library was empty.

Dungeon Overview and Level Annotations

Branches:
Dungeon (12/15)            Temple (1/1) D:5            Lair (0/6) D:11
    Orc (2/2) D:9             Elf (0/3) Orc:2         Sewer (visited)
Ossuary (visited)

Altars:
Ashenzari
Cheibriados
Dithmenos
Elyvilon
Fedhas
Gozag
Hepliaklqana
Kikubaaqudgha
Makhleb
Nemelex Xobeh
Okawaru
Qazlal
Ru
Sif Muna
Trog
Uskayaw
Vehumet
Wu Jian
Xom
Yredelemnul
Zin
The Shining One

Shops:
D:5 ?   D:6 [   D:9 *   D:10 (   Orc:2 *%

Annotations:
D:3 1 exclusion


Innate Abilities, Weirdness & Mutations

You are too large for most types of armour.
You have tough skin. (AC +1)


Message History

The ufetubus completely misses you. The ufetubus closely misses you.
The ynoxinul misses you.
The ufetubus hits you but does no damage.
The ufetubus misses you. x2; The ufetubus closely misses you.
The ufetubus completely misses you. The ufetubus misses you.
The orc warrior barely misses you.
You spin and attack the ufetubus.
You barely miss the ufetubus. The ufetubus completely misses you.
The ufetubus barely misses you.
You spit the ufetubus like a pig!!!
You kill the ufetubus!
The ufetubus completely misses you. x2
You impale the ufetubus!!
You kill the ufetubus!
The ufetubus misses you.
The ufetubus hits you but does no damage.
You miss the ufetubus. The ufetubus barely misses you. The ufetubus misses you.
You puncture the ynoxinul!
The ynoxinul is moderately wounded.
You flatten the ynoxinul like a pancake!!!
You kill the ynoxinul!
The Council accepts your kill.
The ufetubus disappears in a puff of smoke!
Your Fighting skill increases to level 13!
Your Maces & Flails skill increases to level 13!
You swing at nothing.
The orc warrior hits you from afar with a +0 trident!!
* * * LOW HITPOINT WARNING * * *
Evoke which item? (* to show all) (? for menu, Esc to quit)
Okay, then.
Evoke which item? (* to show all) (? for menu, Esc to quit)
Okay, then.
Unknown command.
You lunge at the orc warrior, but your attack speed is too slow for a blow to land.
The orc warrior completely misses you. x2
Okay, then.
Unknown command.
Evoke which item? (* to show all) (? for menu, Esc to quit)
Okay, then.
Okay, then.
Okay, then.
Unknown command.
You completely miss the orc warrior.
The orc warrior hits you from afar with a +0 glaive.
* * * LOW HITPOINT WARNING * * *
You pound the orc warrior like an anvil!!!
You kill the orc warrior!
The Council accepts your kill.
The orc warrior hits you from afar with a +0 glaive.
* * * LOW HITPOINT WARNING * * *
You bludgeon the orc!!
You kill the orc!
The Council accepts your kill.
The orc warrior hits you from afar with a +0 glaive!
* * * LOW HITPOINT WARNING * * *
Evoke which item? (* to show all) (? for menu, Esc to quit)
Okay, then.
You bludgeon the orc!!
You kill the orc!
The Council accepts your kill. The orc warrior misses you.
You lunge at the orc warrior.
You thump the orc warrior!
The orc warrior is moderately wounded.
The orc warrior hits you with a +0 glaive!!
You die...

### #.#### ##@#°##
### ##ooo#####.##
##oo#.##...#
##o.)....##
##.)..##...#
##....####.## .## ##
##^o.###.##.##...
##.
##..##.#......##.#
##..
##o.#####......##.##


You could see an orc warrior, an orc priest and 4 orcs.

Vanquished Creatures
  Harold (D:9)
  3 two-headed ogres
  An orc high priest (D:9)
  Pikel (D:4)
  2 orc knights (Orc:2)
  A deep elf mage (D:10)
  An ugly thing (D:11)
  A merfolk (D:12)
  A troll (D:10)
  4 slime creatures (D:12)
  2 hippogriffs (D:9)
  Sigmund (D:4)
  A shadow (D:11)
  A ynoxinul (Orc:2)
  A human (D:9)
  7 yaks
  2 hungry ghosts
  2 wargs
  An acid dragon (D:10)
  A porcupine (D:11)
  2 water moccasins
  5 black bears
  15 orc warriors
  4 ice beasts
  A sky beast (D:7)
  4 slaves (D:4)
  2 necrophages (D:9)
  9 ogres
  3 phantoms
  A crocodile (D:11)
  4 centaurs
  4 elf zombies (Ossuary)
  2 big kobolds
  9 bullfrogs
  A wyvern skeleton (D:8)
  6 scorpions
  9 killer bees
  4 wights (D:6)
  5 crimson imps
  6 centaur zombies
  2 bullfrog zombies
  A quasit (D:10)
  4 human zombies (Ossuary)
  3 jellies
  3 bullfrog skeletons
  A hound (D:11)
  12 orc priests
  Crazy Yiuf (D:2)
  3 centaur skeletons
  13 orc wizards
  Ijyb (D:2)
  Jessica (D:2)
  Natasha (thrice) (D:4)
  2 iguanas
  6 worker ants
  A hound zombie (D:10)
  2 hound skeletons
  3 mummies (Ossuary)
  A howler monkey skeleton (D:7)
  11 gnolls
  20 adders
  6 river rats (Sewer)
  2 shadow imps (D:9)
  An ooze (D:2)
  3 adder skeletons (D:4)
  3 worms
  5 dart slugs
  4 leopard geckos
  71 orcs
  6 bats
  3 giant cockroaches
  12 goblins
  6 hobgoblins
  3 quokkas
  8 ball pythons
  5 frilled lizards
  30 kobolds
  A leopard gecko skeleton (D:6)
  A leopard gecko zombie (D:7)
  A quokka skeleton (D:4)
  21 rats
  2 rat zombies (D:6)
  A fungus (D:11)
420 creatures vanquished.

Vanquished Creatures (others)
  2 fungi (D:11)
2 creatures vanquished.

Grand Total: 422 creatures vanquished

Notes
Turn   | Place    | Note
-------+----------+-------------------------------------------
     0 | D:1      | Amnesiac the Ogre Assassin began the quest for the Orb.
     0 | D:1      | Reached XP level 1. HP: 22/22 MP: 1/1
   136 | D:1      | Reached XP level 2. HP: 31/31 MP: 2/2
   496 | D:2      | Reached XP level 3. HP: 14/40 MP: 3/3
   533 | D:2      | Found a snail-covered altar of Cheibriados.
   607 | D:2      | Reached skill level 5 in Fighting
   621 | D:2      | Noticed Jessica
   631 | D:2      | Killed Jessica
   631 | D:2      | Reached XP level 4. HP: 34/50 MP: 4/4
  1011 | D:2      | Found a runed translucent door.
  1012 | D:2      | Noticed Crazy Yiuf
  1515 | D:2      | Reached skill level 1 in Evocations
  1875 | D:2      | Killed Crazy Yiuf
  1875 | D:2      | Reached XP level 5. HP: 59/59 MP: 4/6
  1999 | D:3      | Noticed Ijyb
  2007 | D:2      | Killed Ijyb
  2122 | D:3      | Reached XP level 6. HP: 62/67 MP: 8/8
  2183 | D:3      | Found a stormy altar of Qazlal.
  2767 | D:4      | Noticed Natasha
  2778 | D:4      | Killed Natasha
  2798 | D:4      | Found a glowing drain.
  2812 | Sewer    | Entered a sewer
  2887 | Sewer    | Reached skill level 1 in Maces & Flails
  3031 | Sewer    | Reached XP level 7. HP: 23/75 MP: 10/10
  3908 | D:4      | Noticed Pikel
  3971 | D:4      | Got a coiled platinum ring
  4010 | D:4      | Killed Pikel
  4010 | D:4      | Reached skill level 5 in Maces & Flails
  4010 | D:4      | Reached XP level 8. HP: 53/83 MP: 11/11
  4026 | D:4      | Identified the ring of Qazlal's Regard {MR+ Dex+6 SInv}
                  | (You found it on level 4 of the Dungeon)
  4155 | D:4      | Noticed Sigmund
  4166 | D:4      | Killed Sigmund
  4166 | D:4      | Reached skill level 1 in Dodging
  4337 | D:4      | Noticed Natasha
  4350 | D:4      | Killed Natasha
  4491 | D:4      | Noticed Natasha
  4501 | D:4      | Killed Natasha
  4520 | D:5      | Entered Level 5 of the Dungeon
  4930 | D:5      | Found Xyshyes's Magic Scroll Boutique.
  4931 | D:5      | Found a staircase to the Ecumenical Temple.
  4938 | Temple   | Entered the Ecumenical Temple
  4945 | Temple   | Became a worshipper of the Wu Jian Council
  5354 | D:5      | Reached XP level 9. HP: 69/93 MP: 12/12
  5687 | D:6      | Reached * piety under Wu Jian
  5776 | D:6      | Found Isiemebe's Armour Emporium.
  5805 | D:6      | Found a sand-covered staircase.
  5843 | Ossuary  | Entered an ossuary
  5955 | Ossuary  | Reached XP level 10. HP: 81/106 MP: 13/13
  6488 | D:7      | Reached ** piety under Wu Jian
  6831 | D:7      | Found an opulent altar of Gozag.
  7020 | D:7      | Reached skill level 5 in Dodging
  7335 | D:8      | Found a glowing silver altar of Zin.
  7518 | D:8      | Reached *** piety under Wu Jian
  7763 | D:8      | Reached skill level 10 in Fighting
  8041 | D:9      | Found Qifuxke's General Store.
  8077 | D:9      | Reached skill level 10 in Maces & Flails
  8480 | D:9      | Noticed Harold
  8487 | D:9      | Killed Harold
  8641 | D:9      | Reached XP level 11. HP: 118/118 MP: 14/14
  8653 | D:9      | Found a staircase to the Orcish Mines.
  8722 | D:9      | Found an ancient bone altar of Kikubaaqudgha.
  9183 | D:9      | Reached **** piety under Wu Jian
  9393 | D:10     | Entered Level 10 of the Dungeon
  9618 | D:10     | Noticed a deep elf mage
  9633 | D:10     | Killed a deep elf mage
  9757 | D:10     | Noticed a two-headed ogre
  9773 | D:10     | Killed a two-headed ogre
  9773 | D:10     | Reached skill level 5 in Throwing
 10807 | D:10     | Found Ganixza's Antique Weapon Shoppe.
 11170 | D:11     | Found a staircase to the Lair.
 11192 | D:11     | Reached ***** piety under Wu Jian
 11192 | D:11     | Reached XP level 12. HP: 118/131 MP: 15/15
 11284 | D:11     | Noticed a two-headed ogre
 11289 | D:11     | Killed a two-headed ogre
 11541 | D:11     | Got an ichor-stained quarterstaff
 11627 | D:12     | Identified a paperback manual
 11637 | D:12     | Noticed a two-headed ogre
 11638 | D:12     | Found a shadowy altar of Dithmenos.
 11643 | D:12     | Killed a two-headed ogre
 12022 | D:12     | Noticed a seven-headed hydra
 12193 | D:5      | Bought a scroll of acquirement for 676 gold pieces
 12242 | D:6      | Bought a +1 cloak of poison resistance for 175 gold pieces
 12257 | D:6      | Identified the +6 quarterstaff of Vengeance {pain, rC+
                  | Int+4 SInv} (You found it on level 11 of the Dungeon)
 12307 | D:5      | Bought a scroll of enchant weapon for 97 gold pieces
 12440 | Orc:1    | Entered Level 1 of the Orcish Mines
 12504 | Orc:1    | Noticed an orc high priest
 12526 | Orc:1    | Noticed a sun demon
 12534 | D:9      | Killed an orc high priest
 12736 | Orc:2    | Entered Level 2 of the Orcish Mines
 12759 | Orc:2    | Found a staircase to the Elven Halls.
 13006 | Orc:2    | Found Sesegag's Food Shop.
 13008 | Orc:2    | Found Zeakly's General Store.
 13062 | Orc:2    | Slain by an orc warrior

Illustrated notes

Levels and vault maps discovered:
D:1:      roderic_chinese_lattice_arrival, layout_basic, patterned_corridor
D:2:      layout_basic, cheibriados_altar_1, first_ration,
          chequers_serial_rivers_room_a, uniq_jessica, uniq_crazy_yiuf_cottage
D:3:      layout_basic, lemuel_crystal_altar, corexii_item_surrounded_by_moat,
          uniq_ijyb
D:4:      layout_cave_pools, portal_sewer_entry_d, uniq_pikel, uniq_natasha,
          uniq_sigmund
D:5:      layout_cave_pods, temple_statues, serial_shops, shop_scrolls,
          kennysheep_donut
D:6:      layout_loops_cross, enter_ossuary_4, serial_shops, shop_statue,
          chequers_serial_rivers_room_a
D:7:      layout_rooms, nicolae_gozag_cash_rules_everything_around_me
D:8:      layout_loops_ring, nicolae_overflow_crystal_walls, special_room
          [special_room_orc]
D:9:      layout_irregular_city, erik_orc_4, serial_shops, shop, basic_altar,
          uniq_harold
D:10:     layout_small_grid, serial_shops, shop
D:11:     layout_rooms, due_lair_maze_entry_diamond
D:12:     minmay_skewed_foursquare, layout_basic, gammafunk_ghost_hydra_chop,
          hangedman_fish_farm, kennysheep_pointless_box,
          nicolae_dithmenos_shadow_blocks, uniq_nessos
Temple:   nicolae_temple_no_exploring_needed
Orc:1:    layout_caves, uniq_nergalle
Orc:2:    pf_orc_diabolical, layout_caves, basic_altar

Skill      XL: |  1  2  3  4  5  6  7  8  9 10 11 12 |
---------------+-------------------------------------+-----
Fighting       | 3 4 5 6 7 8 10 12 13 | 13.0
Stealth        | 3 |  3.0
Short Blades   | 2 |  2.0
Evocations     | 1 3 4 |  4.0
Maces & Flails | 1 5 7 8 10 12 13 | 13.0
Dodging        | 2 4 5 |  5.0
Throwing       | 4 6 7 |  7.6

Action                   |  1- 3 |  4- 6 |  7- 9 | 10-12 || total
-------------------------+-------+-------+-------+-------++-------
Melee: Dagger            |    14 |       |       |       ||    14
       Spear             |    83 |    80 |       |       ||   163
       Quarterstaff      |       |    17 |       |       ||    17
       Short sword       |       |   157 |   171 |       ||   328
       Giant club        |       |       |    84 |       ||    84
       Giant spiked club |       |       |    99 |   681 ||   780
Throw: Dart              |       |    14 |    17 |    11 ||    42
       Boomerang         |       |       |       |    30 ||    30
       Throwing net      |       |       |       |     1 ||     1
Invok: Lunge             |       |       |    15 |    25 ||    40
       Whirlwind         |       |       |     6 |    65 ||    71
       Heavenly Storm    |       |       |       |     1 ||     1
 Abil: Wall Jump         |       |       |       |     4 ||     4
Evoke: Wand              |       |       |       |     2 ||     2
  Use: Scroll            |       |       |    10 |    10 ||    20
       Potion            |       |       |     6 |     2 ||     8
 Stab: Sleeping          |     9 |     4 |     8 |     5 ||    26
       Distracted        |       |     1 |       |       ||     1
  Eat: Chunk             |       |     7 |    12 |    20 ||    39
       Ration            |       |       |       |     1 ||     1
Armor: Robe              |    23 |   117 |    83 |    79 ||   302
       Troll leather arm |       |       |       |    72 ||    72
Dodge: Dodged            |    33 |   131 |   200 |   731 ||  1095

Table legend:
 A = Non-vault XP
 B = Vault XP
 C = Vault XP percentage of total XP
 D = Non-vault monster count
 E = Vault monster count
 F = Vault count percentage of total count
                 A         B        C        D         E       F
            +---------+---------+-------+---------+---------+-------
      Total |   19845 |    7138 |  26.5 |     282 |     133 |  32.0
            +---------+---------+-------+---------+---------+-------
        D:1 |      24 |       0 |   0.0 |      10 |       0 |   0.0
        D:2 |     100 |     118 |  54.1 |      28 |       3 |   9.7
        D:3 |     236 |       0 |   0.0 |      27 |       0 |   0.0
        D:4 |     291 |     887 |  75.3 |      12 |       4 |  25.0
        D:5 |     846 |       0 |   0.0 |      19 |       0 |   0.0
        D:6 |    1316 |       2 |   0.2 |      26 |       2 |   7.1
        D:7 |    1305 |       0 |   0.0 |      25 |       0 |   0.0
        D:8 |     966 |     233 |  19.4 |      17 |      20 |  54.1
        D:9 |    2655 |    1642 |  38.2 |      29 |      16 |  35.6
       D:10 |    4955 |       0 |   0.0 |      37 |       0 |   0.0
       D:11 |    3187 |    1382 |  30.2 |      19 |       9 |  32.1
       D:12 |    2141 |     313 |  12.8 |       7 |       1 |  12.5
      Orc:1 |     690 |       0 |   0.0 |      14 |       0 |   0.0
      Orc:2 |    1133 |    1624 |  58.9 |      12 |      15 |  55.6
      Sewer |       0 |     143 | 100.0 |       0 |      48 | 100.0
    Ossuary |       0 |     794 | 100.0 |       0 |      15 | 100.0
            +---------+---------+-------+---------+---------+-------
